 Dungeon Crawl Stone Soup version 0.21-a0-193-g085b6a0 (webtiles) character file.

56 MackTheKnife the Cutter (level 3, 0/19 HPs)
             Began as a Vine Stalker Fighter on Aug 14, 2017.
             Succumbed to an adder's poison
             ... on level 2 of the Dungeon.
             The game lasted 00:00:47 (992 turns).

MackTheKnife the Cutter (Vine Stalker Fighter)       Turns: 992, Time: 00:00:47

Health: 0/19       AC:  6    Str: 19    XL:     3   Next: 97%
Magic:  4/4        EV: 12    Int:  8    God:
Gold:   64         SH:  9    Dex: 18    Spells: 2/2 levels left

rFire    . . .     SeeInvis .   a - +0 rapier
rCold    . . .     Gourm    .   c - +0 shield
rNeg     . . .     Faith    .   b - +0 scale mail
rPois    .         Spirit   +   (no helmet)
rElec    .         Reflect  .   (no cloak)
rCorr    .         Harm     .   (no gloves)
MR       .....                  (no boots)
Stlth    +.........             (no amulet)
HPRegen  0.06/turn              (no ring)
MPRegen  0.09/turn              (no ring)

@: agile, lethally poisoned (0 -> -2), hasted, very quick
A: fangs 2, magic shield, antimagic bite, no potion heal 3, rot immunity
a: no special abilities


You were on level 2 of the Dungeon.
You were not hungry.

You visited 1 branch of the dungeon, and saw 2 of its levels.

You collected 64 gold pieces.

Inventory:

Hand Weapons
 a - a +0 rapier (weapon)
 i - a cursed -2 dagger
   (You found it on level 1 of the Dungeon)
Armour
 b - a +0 scale mail (worn)
 c - a +0 shield (worn)
Scrolls
 e - 2 scrolls of identify {unknown}
 l - 2 scrolls of remove curse {unknown}
 m - a scroll of fear {unknown}
Potions
 d - a potion of might
Comestibles
 f - 2 bread rations {@e1}
 h - a royal jelly


   Skills:
 - Level 2.6 Fighting
 + Level 3.7 Short Blades
 - Level 2.4 Armour
 - Level 2.6 Shields


You had 2 spell levels left.
You didn't know any spells.

Dungeon Overview and Level Annotations

Branches:
Dungeon (2/15)

Altars:
Ashenzari
Nemelex Xobeh
The Shining One


Innate Abilities, Weirdness & Mutations

You have extremely sharp teeth.
When hurt, damage is shared between your health and your magic reserves.
Your bite disrupts and absorbs the magic of your enemies.
Potions cannot restore your health.
You are immune to rotting.


Message History

Unknown command.
You closely miss the adder. The adder bites you but does no damage.
You block the adder's attack.
You miss the adder. Your bite misses the adder. The adder bites you.
You take 1 damage, and have 13/19 hp.
You hit the adder. Your bite misses the adder. The adder bites you.
The adder bites you but does no damage.
You take 1 damage, and have 12/19 hp.
You puncture the adder!
You kill the adder!
You miss the frilled lizard. You bite the frilled lizard. You drain its power.
You feel invigorated.
You kill the frilled lizard!
MP restored: 4 You hit the ball python.
You kill the ball python!
Things that are here:
a ball python corpse; a frilled lizard corpse You hit the worm.
You block the worm's attack.
You barely miss the worm. You bite the worm. You drain its power.
You block the worm's attack.
Your scale mail prevents you from hitting the worm.
You bite the worm. You drain its power. You hit the worm.
You bite the worm, but do no damage. The worm bites you!
You take 6 damage, and have 7/19 hp.
MASSIVE DAMAGE!!
You now have 2/4 mp.
You hit the worm. You bite the worm. You drain its power.
You feel invigorated.
You kill the worm!
MP restored: 4 You see here a worm corpse.
You start resting.
An adder comes into view.
You regained 4 hp, and now have 11/19 hp.
An adder is nearby!
An adder is nearby!
You are too injured to fight recklessly!
Unknown command.
You are too injured to fight recklessly!
You are too injured to fight recklessly!
The adder hisses angrily.
You see here a worm corpse.
Things that are here:
a ball python corpse; a frilled lizard corpse You closely miss the adder.
Your bite misses the adder. The adder bites you but does no damage.
You block the adder's attack.
You miss the adder. The adder bites you.
You take 2 damage, and have 9/19 hp.
You closely miss the adder. The adder barely misses you.
You hit the adder but do no damage. The adder bites you.
The adder barely misses you.
You take 2 damage, and have 7/19 hp.
You now have 2/4 mp.
You miss the adder. You block the adder's attack.
You completely miss the adder. You bite the adder. You drain its power.
You feel invigorated. The adder barely misses you.
You block the adder's attack.
MP restored: 4 You closely miss the adder.
Your bite misses the adder. The adder bites you but does no damage.
You closely miss the adder. The adder closely misses you. x2
You closely miss the adder. Your bite misses the adder. The adder bites you.
You are lethally poisoned!
The adder poisons you!
You puncture the adder! You bite the adder. You drain its power.
You kill the adder!
You feel sick.
You take 1 damage, and have 6/19 hp.
* * * LOW HITPOINT WARNING * * *
You feel sick.
You see here a worm corpse.
You take 1 damage, and have 5/19 hp.
There is a lethal amount of poison in your body!
Unknown command.
There is a lethal amount of poison in your body!
Unknown command.
There is a lethal amount of poison in your body!
Unknown command.
There is a lethal amount of poison in your body!
* * * LOW HITPOINT WARNING * * *
You feel sick.
You take 1 damage, and have 4/19 hp.
* * * LOW HITPOINT WARNING * * *
You feel sick.
You take 1 damage, and have 3/19 hp.
* * * LOW HITPOINT WARNING * * *
You feel sick.
You take 1 damage, and have 2/19 hp.
It was a potion of magic.
Magic courses through your body.
It was a potion of haste.
You feel yourself speed up.
It was a potion of agility.
You feel agile all of a sudden.
* * * LOW HITPOINT WARNING * * *
You feel sick.
You take 1 damage, and have 1/19 hp.
Unknown command.
Unknown command.
* * * LOW HITPOINT WARNING * * *
You feel sick.
You take 1 damage, and have 1/19 hp.
You die...

#...........#..>#.#
#######.....###.#.#
#.....# #.#.#
#.....# #.#.#
#.....# #.#.#
####.....# #.#.#
##_##.#...###.#.#
#...####..††..#.#
####'#####@######.#
##.#...#.##........#
#_.'.⌠†'...[########
##.#...#.####
####'#### #...#
##_## ###


There were no monsters in sight!

Vanquished Creatures
  3 adders (D:2)
  An ooze (D:1)
  A worm (D:2)
  2 dart slugs (D:1)
  2 giant cockroaches (D:1)
  3 goblins (D:1)
  2 quokkas (D:2)
  2 ball pythons (D:2)
  A frilled lizard (D:2)
  A kobold (D:1)
  2 rats (D:1)
20 creatures vanquished.

Notes
Turn   | Place    | Note
-------+----------+-------------------------------------------
     0 | D:1      | MackTheKnife the Vine Stalker Fighter began the quest for the Orb.
     0 | D:1      | Reached XP level 1. HP: 11/11 MP: 2/2
   160 | D:1      | Reached skill level 2 in Short Blades
   184 | D:1      | Reached XP level 2. HP: 12/16 MP: 1/3
   743 | D:2      | Reached skill level 3 in Short Blades
   743 | D:2      | Reached XP level 3. HP: 16/19 MP: 4/4
   834 | D:2      | Found a sparkling altar of Nemelex Xobeh.
   837 | D:2      | Found a shattered altar of Ashenzari.
   840 | D:2      | Found a glowing golden altar of the Shining One.
   970 | D:2      | HP: 4/19 [poisoned by an adder]
   976 | D:2      | HP: 2/19 [poisoned by an adder]
   981 | D:2      | HP: 1/19 [poisoned by an adder]
   986 | D:2      | HP: 1/19 [poisoned by an adder]
   992 | D:2      | Succumbed to an adder's poison

Vault maps used:
D:1:      kilobyte_arrival_exit_the_forest
D:2:      grunt_temple_overflow_diamond, first_bread, minmay_pentomino_u2

Skill      XL: |  1  2 |
---------------+-------+-----
Short Blades   | 2 3 |  3.7
Fighting       | |  2.6
Armour         | |  2.4
Shields        | |  2.6

Action                   || total
-------------------------++-------
Melee: Rapier            ||    77
       Bite              ||    17
  Use: Potion            ||     3
Armor: Scale mail        ||    25
Dodge: Dodged            ||    14
Block: Shield            ||    39

Vault maps used:
D:1:      kilobyte_arrival_exit_the_forest
D:2:      grunt_temple_overflow_diamond, first_bread, minmay_pentomino_u2

Table legend:
 A = Turns spent in this place as a percentage of turns spent in the entire game.
 B = Non-inter-level travel turns spent in this place as a percentage of non-inter-level travel turns spent in the entire game.
 C = Inter-level travel turns spent in this place as a percentage of turns spent in this place.
 D = Turns resting spent in this place as a percentage of non-inter-level travel turns spent in this place.
 E = Turns spent auto-exploring this place as a percentage of non-inter-level travel turns spent in this place.
 F = Non-inter-level travel turns spent in this place divided by the number of levels of this place that you've seen.
                   A       B       C       D       E      F
               +-------+-------+-------+-------+-------+----------------------
         Total | 100.0 | 100.0 |   0.3 |   0.7 |  12.3 | 142.5
       Dungeon | 100.0 | 100.0 |   0.3 |   0.7 |  12.3 | 142.5
               +-------+-------+-------+-------+-------+----------------------

Table legend:
 A = Kills in this place as a percentage of kills in entire the game.
 B = Kills by you in this place as a percentage of kills by you in the entire game.
 C = Kills by friends in this place as a percentage of kills by friends in the entire game.
 D = Other kills in this place as a percentage of other kills in the entire game.
 E = Experience gained in this place as a percentage of experience gained in the entire game.
 F = Experience gained in this place divided by the number of levels of this place that you have seen.
                   A       B       C       D       E      F
               +-------+-------+-------+-------+-------+----------------------
         Total | 100.0 | 100.0 |  -nan |  -nan | 100.0 |  40.5
       Dungeon | 100.0 | 100.0 |  -nan |  -nan | 100.0 |  40.5
               +-------+-------+-------+-------+-------+----------------------
